AoeStats
← alexdace1982

Yucatan

510476463Analyzed
4v4 RM · 6h ago on Oct 1, 2026· 57m 12s· 8 players
Game mode
Random Map
Map size
Large (8 player)
Population
200
Speed
Normal
Resources
Standard
Victory
Conquest
Starting age
Dark Age
Ending age
Imperial Age
RankedLock teamsTeams togetherTeam positionsShared explorationLock speedFull tech treeHidden civsTurbo modeCheats
Victory
Defeat
🇮🇳 Varangians · India
998
+13
🇮🇳 Varangians · India
926
+16
🇨🇳 Saracens · China
873
+18
🇨🇳 Franks · China
865
+18
🇲🇽 Maya · Mexico
1013
-20
🇲🇽 Franks · Mexico
979
-19
🇲🇽 Khmer · Mexico
866
-14
🇲🇽 Japanese · Mexico
819
-29
Joe_N0T_Exotic
3:50 Loom
11:37 Feudal Age
15:40 Castle Age
14:31 Double-Bit Axe
14:28 Horse Collar
19:54 Bow Saw
19:50 Heavy Plow
28:49 Wheelbarrow
27:59 Town Watch
33:14 Imperial Age
31:01 Hand Cart
31:52 Squires
31:37 Arson
33:31 Forging
33:21 Scale Mail Armor
35:54 Chain Mail Armor
36:15 Iron Casting
36:28 Elite Varangian Guard
38:48 Plate Mail Armor
40:02 Blast Furnace
39:46 Gothikon
40:48 Conscription
40:20 Fletching
40:30 Padded Archer Armor
40:52 Ballistics
41:33 Chemistry
40:29 Murder Holes
40:45 Masonry
41:38 Two-Man Saw
40:29 Gold Mining
40:31 Stone Mining
41:15 Crop Rotation
45:10 Bodkin Arrow
45:30 Leather Archer Armor
45:21 Scale Barding Armor
45:50 Architecture
45:26 Siege Engineers
44:44 Vendel Legacy
51:49 Chain Barding Armor
51:31 Bracer
52:01 Ring Archer Armor
57:09 Plate Barding Armor
56:59 Spies/Treason
findsarfaraz
1:33 Loom
11:31 Feudal Age
12:21 Double-Bit Axe
村中一匹狼
11:36 Feudal Age
12:16 Double-Bit Axe
17:44 Castle Age
17:49 Loom
18:43 Wheelbarrow
18:48 Wheelbarrow
18:48 Bow Saw
21:02 Fishing Lines
23:38 Hand Cart
27:52 Scale Barding Armor
27:57 Forging
36:00 Imperial Age
33:53 Chain Barding Armor
34:09 Iron Casting
33:52 Husbandry
36:32 Town Watch
36:31 Treadmill Crane
36:57 Siege Engineers
36:23 Cavalier
37:19 Fishing Lines
39:48 Plate Barding Armor
40:14 Blast Furnace
38:36 Paladin
42:37 Town Patrol
42:38 Murder Holes
42:53 Masonry
43:58 Stone Mining
43:58 Gold Mining
45:22 Conscription
47:08 Gold Shaft Mining
47:46 Chemistry
47:07 Ballistics
47:18 Architecture
49:00 Chivalry
Jascsdc001
12:11 Feudal Age
10:29 Loom
13:04 Feudal Age
16:43 Castle Age
17:17 Bloodlines
16:56 Double-Bit Axe
16:53 Horse Collar
18:57 Bow Saw
19:28 Husbandry
20:03 Scale Barding Armor
20:08 Forging
20:03 Husbandry
26:11 Pikeman
26:51 Squires
26:37 Gambesons
29:36 Gold Mining
30:44 Stone Mining
31:55 Wheelbarrow
35:24 Hand Cart
38:03 Imperial Age
36:19 Gold Shaft Mining
36:49 Ballistics
36:41 Fortified Wall
36:42 Masonry
37:14 Chain Barding Armor
37:30 Iron Casting
36:43 Light Cavalry
40:02 Plate Barding Armor
40:30 Blast Furnace
40:42 Siege Engineers
41:39 Chemistry
41:11 Conscription
41:03 Counterweights
40:16 Elite Mameluke
41:07 Counterweights
41:37 Hoardings
42:47 Two-Man Saw
41:49 Heavy Plow
43:10 Fletching
43:20 Padded Archer Armor
43:25 Murder Holes
45:43 Bodkin Arrow
46:04 Leather Archer Armor
48:22 Bracer
48:52 Ring Archer Armor
52:33 Elite Skirmisher
Knight_Romero83
0:28 Loom
11:24 Feudal Age
11:42 Man-at-Arms
14:58 Arson
15:18 Scale Mail Armor
15:29 Forging
25:52 Castle Age
23:46 Fletching
26:14 Crossbowman
27:00 Thumb Ring
27:34 Chain Mail Armor
27:54 Iron Casting
28:38 Double-Bit Axe
28:49 Pikeman
31:43 Wheelbarrow
33:08 Horse Collar
36:40 Hand Cart
36:47 Heavy Plow
37:18 Squires
37:25 Bodkin Arrow
37:31 Padded Archer Armor
43:41 Leather Archer Armor
48:27 Ballistics
51:49 Imperial Age
49:49 Hul'che Javelineers
50:18 Town Watch
53:22 Town Patrol
52:50 Halberdier
55:17 Plate Mail Armor
55:47 Blast Furnace
EivorTovar
1:44 Loom
12:39 Feudal Age
13:25 Double-Bit Axe
19:16 Castle Age
18:12 Gold Mining
19:08 Horse Collar
19:43 Bloodlines
20:37 Bow Saw
20:31 Light Cavalry
21:56 Heavy Plow
24:03 Gold Shaft Mining
33:13 Imperial Age
35:18 Hussar
36:17 Double Crossbow
36:32 Pikeman
37:14 Halberdier
40:54 Crop Rotation
44:54 Elite Ballista Elephant
ReBeL_PuMa
3:41 Loom
12:07 Feudal Age
13:38 Town Watch
16:33 Castle Age
16:07 Double-Bit Axe
16:29 Scale Barding Armor
17:34 Bow Saw
17:46 Chain Barding Armor
20:20 Forging
20:38 Husbandry
24:01 Chain Barding Armor
24:02 Scale Mail Armor
24:23 Gambesons
25:58 Pikeman
26:39 Squires
28:21 Gold Mining
34:26 Stone Mining
38:08 Imperial Age
36:17 Wheelbarrow
36:32 Gold Shaft Mining
36:35 Man-at-Arms
37:16 Squires
37:32 Chain Mail Armor
37:52 Iron Casting
37:26 Treadmill Crane
37:40 Arson
37:26 Man-at-Arms
43:52 Hand Cart
54:59 Imperial Age
alexdace1982
4:41 Loom
12:57 Feudal Age
17:26 Double-Bit Axe
22:31 Wheelbarrow
23:34 Horse Collar
27:57 Castle Age
26:49 Wheelbarrow
31:27 Bow Saw
32:19 Hand Cart
31:53 Town Watch
35:13 Stone Mining
36:52 Pikeman
Connection lost

Rejoining the realm…

Still unreachable

The connection could not be restored.

Session expired

The server has moved on; the page needs a fresh start.